cohdb
Replays
Latest Replays
All Replays
Popular Replays
Top Player Replays
Match Explorer
How It Works
Community
CoH3 Stats
Reddit
Sign in to upload your games and track your stats! →
Sign in with Steam
Match 44892008
Unlisted
Match 44892008
Overview
Messages
Build Orders
End
Construct Barracks
Riflemen Squad
Riflemen Squad
Riflemen Squad
Engineer Squad
Mortar Pit
Grenade Package
Construct Medical Station
Infantry Support Center
Selects Armored Battlegroup
Selects Veteran Crews
.30 cal Machine Gun
Mortar Pit
M1918 Browning Automatic Rifles
Selects Strength in Steel
Engineer Squad
Demolitions Package
Munitions Surplus
Construct Tank Depot
Construct Tank Depot
Selects M8 Scott SPG
Selects UNKNOWN (2160077)
M4A3E8 Sherman Easy Eight
Engineer Squad
Selects M31 Recovery Vehicle
M4A3E8 Sherman Easy Eight
Selects War Machine
M4A3E8 Sherman Easy Eight
Engineer Squad
Engineer Squad
M31 Recovery Vehicle
Construct Weapon Support Center
.30 cal Machine Gun
M3 Armored Personnel Carrier
M4A3E8 Sherman Easy Eight
Mortar Pit
M4A3E8 Sherman Easy Eight
Mortar Pit
Riflemen Squad
M4A3E8 Sherman Easy Eight
Captain Retinue
Kale: Son of Lettuce
Elite_1650
jiro
rpadi
0
0
Comments
sign in to comment!
No comments posted yet!